AoeStats
← flusha

Arabian Desert

510462170Analyzed
1v1 RM · 14h ago on Oct 1, 2026· 20m 53s· 2 players
Game mode
Random Map
Map size
Tiny (2 player)
Population
200
Speed
Normal
Resources
Standard
Victory
Conquest
Starting age
Dark Age
Ending age
Imperial Age
RankedLock teamsTeams togetherTeam positionsShared explorationLock speedFull tech treeHidden civsTurbo modeCheats
Victory
Defeat
🇦🇷 Britons · Argentina
1009
+15
🇺🇸 Franks · United States
983
-15
LaserLobbes
7:57 Loom
10:04 Feudal Age
10:46 Double-Bit Axe
18:26 Fletching
flusha
11:26 Feudal Age
11:56 Loom
11:35 Man-at-Arms
12:08 Double-Bit Axe
13:19 Wheelbarrow
15:30 Horse Collar
17:01 Arson
20:00 Padded Archer Armor
19:51 Fletching
20:13 Gold Mining
Connection lost

Rejoining the realm…

Still unreachable

The connection could not be restored.

Session expired

The server has moved on; the page needs a fresh start.